Map: Frozen Temple

Players

Calcofrie - Winner!

  • Race: Protoss Protoss
  • Spawn Location: 11:00

Fropez

  • Race: Protoss Protoss
  • League: Gold
  • Spawn Location: 5:00

VOD

Have the link to the VOD?

Description

Time

  • Played on: Oct. 18, 2016, 6:36 p.m.
  • Length: 5:09
Show
View Real Time Build Order
Export as new Build Order

Calcofrie Protoss - Winner!

Build Orders:  

Get SALT Encoding   

  12  0:02  Probe (Chrono Boost)  
  13  0:15  Pylon  
  13  0:24  Probe (Chrono Boost)  
  14  0:34  Probe (Chrono Boost)  
  15  0:39  Gateway  
  15  0:43  Assimilator  
  15  0:49  Probe (Chrono Boost)  
  16  0:59  Pylon  
  16  1:05  Probe (Chrono Boost)  
  16  1:10  Assimilator  
  17  1:15  Probe (Chrono Boost)  
  18  1:26  Probe (Chrono Boost)  
  18  1:31  Cybernetics Core  
  19  1:34  Pylon  
  19  1:43  Probe (Chrono Boost)  
  20  1:52  Gateway  
  20  2:00  Probe (Chrono Boost)  
  21  2:07  Pylon  
  21  2:11  Mothership Core (Chrono Boost)  
  21  2:15  Warp Gate (Chrono Boost)  
  24  2:30  Probe (Chrono Boost)  
  24  2:34  Robotics Facility  
  24  2:40  Probe  
  25  2:44  Gateway  
  25  2:54  Probe  
  26  3:01  Gateway  
  26  3:18  Pylon  
  26  3:25  Immortal (Chrono Boost)  
  30  3:33  Stalker  
  32  3:43  Pylon  
  32  4:04  Observer (Chrono Boost)  
  32  4:09  Stalker x2  
  37  4:10  Stalker  
  39  4:18  Adept  
  41  4:40  Stalker x4  
  49  5:08  Stalker x3  
Show
View Real Time Build Order
Export as new Build Order

Fropez Protoss 

Build Orders: 1 Gate Expand 

Get SALT Encoding   

  12  0:01  Probe (Chrono Boost)  
  13  0:12  Probe (Chrono Boost)  
  14  0:19  Pylon  
  14  0:22  Probe (Chrono Boost)  
  15  0:37  Probe (Chrono Boost)  
  15  0:40  Gateway  
  16  0:48  Probe (Chrono Boost)  
  17  0:50  Assimilator  
  17  0:58  Probe (Chrono Boost)  
  18  1:09  Probe (Chrono Boost)  
  19  1:19  Probe (Chrono Boost)  
  20  1:26  Nexus  
  20  1:40  Pylon  
  20  1:45  Probe (Chrono Boost), Assimilator  
  21  1:54  Pylon  
  21  1:55  Probe (Chrono Boost)  
  22  2:04  Gateway  
  22  2:06  Probe (Chrono Boost)  
  23  2:16  Probe (Chrono Boost)  
  24  2:27  Probe (Chrono Boost)  
  25  2:30  Cybernetics Core  
  25  2:38  Probe (Chrono Boost)  
  25  2:40  Gateway  
  26  2:49  Gateway  
  26  2:53  Pylon, Probe (Chrono Boost)  
  27  2:59  Probe (Chrono Boost)  
  27  3:02  Warp Gate (Chrono Boost)  
  28  3:06  Probe (Chrono Boost)  
  28  3:09  Mothership Core (Chrono Boost)  
  31  3:20  Probe (Chrono Boost)  
  32  3:30  Probe  
  33  3:34  Twilight Council  
  33  3:35  Pylon  
  33  3:46  Adept x3  
  33  3:47  Adept  
  41  3:50  Probe  
  41  3:51  Probe  
  43  4:01  Gateway  
  43  4:03  Assimilator  
  43  4:11  Robotics Facility  
  43  4:19  Probe  
  43  4:20  Probe  
  45  4:25  Adept x2  
  45  4:28  Adept  
  51  4:46  Pylon  
  51  4:57  Pylon  
Tags
 
League
Gold
Matchup
PvP
Replay Pack
All Mines
Spawn Locations
Cross Positions
Add a new tag
Caveats
  • Supply blocks, unpowered buildings, or Contaminate may cause inaccurate times.
  • Supply counts are checked every 10 seconds.